[Event "56th Rubinstein Memorial A 2020"]
[Site "Polanica Zdroj"]
[Date "2020.08.20"]
[Round "6.4"]
[White "Chomczyk, Marek"]
[Black "Butkiewicz, Lukasz"]
[Result "1/2-1/2"]
[ECO "A01"]
[WhiteElo "2221"]
[BlackElo "2400"]
[Annotator "ChessBase"]
[PlyCount "118"]
[EventDate "2020.08.15"]
[EventType "swiss"]
[EventCountry "POL"]
[SourceTitle "playchess.com"]
[Source "ChessBase"]
[SourceQuality "1"]
[TimeControl "40/5400+30:1800+30"]

1. b3 e5 2. Bb2 Nc6 3. Nf3 d6 4. d4 exd4 5. Nxd4 Nf6 6. e3 Be7 7. Bb5 Bd7 8. Nxc6 bxc6 9. Be2 c5 10. Nc3 O-O 11. O-O c6 12. e4 Ne8 13. Na4 Nc7 14. Bg4 Be6 15. c4 Qc8 16. Bxe6 Qxe6 17. Qf3 Rfe8 18. Rfe1 Bf8 19. Re3 Rad8 20. Qf4 Qe7 21. Qg4 Ne6 22. e5 d5 23. f4 Nd4 24. Rf1 f5 25. Qd1 Ne6 26. g4 Qf7 27. Rg3 g6 28. Qc2 Ng7 29. cxd5 cxd5 30. h3 Rc8 31. Nc3 d4 32. Nb5 Kh8 33. Qg2 Qd7 34. Na3 Be7 35. Nc4 Rf8 36. Rd3 Ne6 37. Bc1 Nc7 38. Bb2 Qe6 39. g5 Nd5 40. h4 h5 41. Kh2 Rc7 42. Kg3 Rb8 43. Ra1 Nb4 44. Rf3 Rc6 45. Ba3 Nd5 46. Bc1 Ra6 47. Qe2 Nc3 48. Qc2 Nd5 49. Bd2 Kh7 50. Nb2 Rc6 51. Nc4 Ra6 52. Nb2 Rc8 53. Qc4 Nc7 54. Kf2 Qxc4 55. Nxc4 Kg8 56. Ke2 Kf7 57. Kd3 Ke6 58. Rff1 Kd5 59. Rfe1 Ne6 1/2-1/2

[Event "56th Rubinstein Memorial A 2020"]
[Site "Polanica Zdroj"]
[Date "2020.08.20"]
[Round "6.5"]
[White "Luch, Michal"]
[Black "Kowalczyk, Rafal"]
[Result "1-0"]
[ECO "E34"]
[WhiteElo "2409"]
[BlackElo "2268"]
[Annotator "ChessBase"]
[PlyCount "64"]
[EventDate "2020.08.15"]
[EventType "swiss"]
[EventCountry "POL"]
[SourceTitle "playchess.com"]
[Source "ChessBase"]
[SourceQuality "1"]
[TimeControl "40/5400+30:1800+30"]

1. d4 Nf6 2. c4 e6 3. Nc3 Bb4 4. Qc2 d5 5. cxd5 Qxd5 6. e3 c5 7. Bd2 Bxc3 8. Bxc3 cxd4 9. Bxd4 Nc6 10. Bc3 e5 11. Nf3 Bg4 12. Be2 O-O 13. O-O e4 14. Nd4 Rac8 15. Rfd1 Rfd8 16. Bxg4 Nxg4 17. h3 Nf6 18. Qa4 Ne5 19. Ne2 Nd3 20. Ng3 Qc4 21. Qxa7 b5 22. Bxf6 gxf6 23. Qe7 Qe6 24. Qxe6 fxe6 25. Nxe4 Kf7 26. Rd2 f5 27. Ng5+ Ke7 28. Nxe6 Kxe6 29. Rad1 Ke5 30. Rxd3 Rxd3 31. Rxd3 Rc1+ 32. Kh2 Rc2 1-0

[Event "56th Rubinstein Memorial A 2020"]
[Site "Polanica Zdroj"]
[Date "2020.08.20"]
[Round "6.6"]
[White "Goluch, Piotr"]
[Black "Dahl, Christoph"]
[Result "1/2-1/2"]
[ECO "E90"]
[WhiteElo "2376"]
[BlackElo "2228"]
[Annotator "ChessBase"]
[PlyCount "111"]
[EventDate "2020.08.15"]
[EventType "swiss"]
[EventCountry "POL"]
[SourceTitle "playchess.com"]
[Source "ChessBase"]
[SourceQuality "1"]
[TimeControl "40/5400+30:1800+30"]

1. d4 Nf6 2. c4 g6 3. Nc3 Bg7 4. e4 d6 5. Nf3 O-O 6. h3 e5 7. d5 Nh5 8. g3 f5 9. Be2 fxe4 10. Nxe4 Nf6 11. Bg5 Qe8 12. Bxf6 Bxf6 13. h4 Bf5 14. Nfd2 Qe7 15. Qb3 Nd7 16. Qe3 Bxe4 17. Nxe4 Nc5 18. Nxc5 dxc5 19. Qe4 Bg7 20. Bg4 Qf6 21. O-O Rad8 22. Kg2 Kh8 23. Rae1 a6 24. Re2 Qd6 25. Be6 Rde8 26. Rh1 c6 27. h5 g5 28. h6 Bf6 29. Rh5 Qc7 30. Qg4 cxd5 31. cxd5 Qe7 32. Qf5 b5 33. Rxe5 Bxe5 34. Qxe5+ Qf6 35. Rxg5 Qxe5 36. Rxe5 Rf6 37. Rh5 c4 38. g4 b4 39. Rh1 Ref8 40. Bf5 Rd8 41. Be4 Rc8 42. g5 Rg8 43. Rh5 c3 44. bxc3 bxc3 45. Kg3 Rf7 46. f3 Rc7 47. Rh2 Rxg5+ 48. Kf4 Rxd5 49. Bxd5 c2 50. Rxc2 Rxc2 51. Kg4 Rd2 52. Bf7 a5 53. f4 a4 54. f5 a3 55. Kg5 Rxa2 56. Bxa2 1/2-1/2

[Event "56th Rubinstein Memorial A 2020"]
[Site "Polanica Zdroj"]
[Date "2020.08.20"]
[Round "6.7"]
[White "Marszalek, Maciej"]
[Black "Golecki, Jan"]
[Result "1-0"]
[ECO "A13"]
[WhiteElo "2315"]
[BlackElo "2106"]
[Annotator "ChessBase"]
[PlyCount "83"]
[EventDate "2020.08.15"]
[EventType "swiss"]
[EventCountry "POL"]
[SourceTitle "playchess.com"]
[Source "ChessBase"]
[SourceQuality "1"]
[TimeControl "40/5400+30:1800+30"]

1. c4 e6 2. g3 d5 3. Bg2 Nf6 4. Nf3 d4 5. d3 c5 6. e3 Nc6 7. exd4 cxd4 8. O-O Bd6 9. a3 a5 10. Re1 O-O 11. Bg5 e5 12. Nbd2 Bf5 13. c5 Bc7 14. Nh4 Bxd3 15. Qb3 Ba6 16. Ne4 d3 17. Bxf6 gxf6 18. Nf5 Nd4 19. Nxd4 Qxd4 20. Nxf6+ Kg7 21. Nd5 Bd8 22. Qc3 Qxc3 23. Nxc3 Bf6 24. Be4 Bg5 25. Bf5 Bd2 26. Rxe5 Bxc3 27. bxc3 Kf6 28. Rd5 Rfd8 29. Bd7 Ra7 30. Rd4 b6 31. c6 Bc8 32. Rd1 Ba6 33. f3 Rc7 34. Rb1 b5 35. Rd1 Kg7 36. Kf2 b4 37. axb4 axb4 38. Rxb4 Bc8 39. Rb8 d2 40. Rxd2 Rxc6 41. Bxc6 Rxd2+ 42. Ke3 1-0

[Event "56th Rubinstein Memorial A 2020"]
[Site "Polanica Zdroj"]
[Date "2020.08.20"]
[Round "6.8"]
[White "Sernecki, Franciszek"]
[Black "Jaskolka, Tomasz"]
[Result "1/2-1/2"]
[ECO "D91"]
[WhiteElo "2243"]
[BlackElo "2196"]
[Annotator "ChessBase"]
[PlyCount "42"]
[EventDate "2020.08.15"]
[EventType "swiss"]
[EventCountry "POL"]
[SourceTitle "playchess.com"]
[Source "ChessBase"]
[SourceQuality "1"]
[TimeControl "40/5400+30:1800+30"]

1. d4 Nf6 2. c4 g6 3. Nc3 d5 4. Nf3 Bg7 5. Bg5 Ne4 6. h4 c5 7. e3 cxd4 8. exd4 Nxc3 9. bxc3 Nc6 10. cxd5 Qxd5 11. Be2 e5 12. c4 Qa5+ 13. Bd2 Qa3 14. d5 Nd4 15. Nxd4 exd4 16. Rb1 Bf5 17. Bb4 Qxa2 18. Bd3 a5 19. Ra1 Qb2 20. Rb1 Qa2 21. Ra1 Qb2 1/2-1/2

[Event "56th Rubinstein Memorial A 2020"]
[Site "Polanica Zdroj"]
[Date "2020.08.20"]
[Round "6.9"]
[White "Kucza, Karol"]
[Black "Majocha, Piotr"]
[Result "1-0"]
[ECO "C18"]
[WhiteElo "2245"]
[BlackElo "1906"]
[Annotator "ChessBase"]
[PlyCount "75"]
[EventDate "2020.08.15"]
[EventType "swiss"]
[EventCountry "POL"]
[SourceTitle "playchess.com"]
[Source "ChessBase"]
[SourceQuality "1"]
[TimeControl "40/5400+30:1800+30"]

1. e4 e6 2. d4 d5 3. Nc3 Bb4 4. e5 c5 5. a3 Bxc3+ 6. bxc3 Ne7 7. Qg4 O-O 8. Bd3 Nbc6 9. Nf3 f5 10. Qg3 Bd7 11. h4 Kh8 12. h5 Qa5 13. h6 g6 14. Bd2 Qa4 15. dxc5 Qa5 16. O-O Qxc5 17. Rfb1 Nd8 18. Qh4 Ng8 19. c4 a5 20. Be3 Qc7 21. cxd5 exd5 22. Bb6 Qc6 23. Nd4 Qc8 24. e6 Bxe6 25. Bxd8 Rxd8 26. Qf4 Rf8 27. Qe5+ Rf6 28. Rb6 Qc3 29. Re1 Re8 30. Rxe6 Rexe6 31. Nxe6 Qxe5 32. Rxe5 Nxh6 33. Nd4 Rd6 34. Re7 b6 35. f3 Ng8 36. Rb7 Nf6 37. Rb8+ Ng8 38. Kf2 1-0

[Event "56th Rubinstein Memorial A 2020"]
[Site "Polanica Zdroj"]
[Date "2020.08.20"]
[Round "6.10"]
[White "Hasterok, Mateusz"]
[Black "Bronowicki, Mateusz"]
[Result "0-1"]
[ECO "A40"]
[WhiteElo "2056"]
[BlackElo "2275"]
[Annotator "ChessBase"]
[PlyCount "54"]
[EventDate "2020.08.15"]
[EventType "swiss"]
[EventCountry "POL"]
[SourceTitle "playchess.com"]
[Source "ChessBase"]
[SourceQuality "1"]
[TimeControl "40/5400+30:1800+30"]

1. d4 g6 2. c4 Bg7 3. Nf3 d6 4. g3 e5 5. Nc3 Nc6 6. d5 Nce7 7. Bg2 f5 8. O-O Nf6 9. Ne1 O-O 10. e4 Nxe4 11. Nxe4 fxe4 12. Bxe4 Bh3 13. Ng2 Nf5 14. Re1 Qd7 15. f4 Bxg2 16. Kxg2 exf4 17. gxf4 Rae8 18. Qc2 Nh4+ 19. Kh1 Qh3 20. Qf2 Bd4 21. Qg3 Rxe4 22. Bd2 Rxe1+ 23. Rxe1 Qxg3 24. hxg3 Nf3 25. Re2 Nxd2 26. Rxd2 Bf6 27. Re2 Kf7 0-1

[Event "56th Rubinstein Memorial A 2020"]
[Site "Polanica Zdroj"]
[Date "2020.08.20"]
[Round "6.11"]
[White "Balinski, Damian"]
[Black "Fiedorek, Michal"]
[Result "1/2-1/2"]
[ECO "E61"]
[WhiteElo "2136"]
[BlackElo "2212"]
[Annotator "ChessBase"]
[PlyCount "48"]
[EventDate "2020.08.15"]
[EventType "swiss"]
[EventCountry "POL"]
[SourceTitle "playchess.com"]
[Source "ChessBase"]
[SourceQuality "1"]
[TimeControl "40/5400+30:1800+30"]

1. d4 Nf6 2. c4 g6 3. Nc3 Bg7 4. g3 O-O 5. Bg2 d6 6. e3 Re8 7. Nge2 e5 8. O-O e4 9. Qc2 Bf5 10. d5 Qc8 11. Re1 Nbd7 12. Nd4 Ne5 13. Nxf5 Qxf5 14. Nxe4 Nxe4 15. Qxe4 Qxe4 16. Bxe4 Nxc4 17. Bg2 Nxb2 18. Bxb2 Bxb2 19. Rab1 Bc3 20. Rec1 Ba5 21. Rxb7 Bb6 22. a4 Kf8 23. Bf1 Re4 24. Bb5 Rd8 1/2-1/2

[Event "56th Rubinstein Memorial A 2020"]
[Site "Polanica Zdroj"]
[Date "2020.08.20"]
[Round "6.12"]
[White "Goraj, Barbara"]
[Black "Praczukowski, Stanislaw"]
[Result "1/2-1/2"]
[ECO "B90"]
[WhiteElo "2099"]
[BlackElo "2132"]
[Annotator "ChessBase"]
[PlyCount "81"]
[EventDate "2020.08.15"]
[EventType "swiss"]
[EventCountry "POL"]
[SourceTitle "playchess.com"]
[Source "ChessBase"]
[SourceQuality "1"]
[TimeControl "40/5400+30:1800+30"]

1. e4 c5 2. Nf3 d6 3. d4 cxd4 4. Nxd4 Nf6 5. Nc3 a6 6. h3 e6 7. g4 Nfd7 8. Bg2 Be7 9. Be3 Nc6 10. Qe2 Nde5 11. O-O-O g5 12. Kb1 Rg8 13. h4 h6 14. hxg5 hxg5 15. Rh7 Bd7 16. Nb3 Na5 17. f4 gxf4 18. Bxf4 Nac4 19. Nd2 Qc7 20. Nxc4 Qxc4 21. Qe1 Rf8 22. g5 Qb4 23. Bxe5 dxe5 24. g6 fxg6 25. Bh3 Qc5 26. Qg3 O-O-O 27. Qxg6 Kb8 28. Qg7 Bf6 29. Qh6 Bc6 30. Rxd8+ Bxd8 31. a3 Ba5 32. Qxe6 Bxc3 33. bxc3 Rd8 34. Qb3 Bxe4 35. Rg7 Rd2 36. Bf5 Bd5 37. Qb4 Rd1+ 38. Kb2 Qe3 39. Qd6+ Ka7 40. Rxb7+ Kxb7 41. Qd7+ 1/2-1/2

[Event "56th Rubinstein Memorial A 2020"]
[Site "Polanica Zdroj"]
[Date "2020.08.20"]
[Round "6.14"]
[White "Luba, Lukasz"]
[Black "Rogacewicz, Mikolaj"]
[Result "1-0"]
[ECO "C02"]
[WhiteElo "2188"]
[BlackElo "1970"]
[Annotator "ChessBase"]
[PlyCount "97"]
[EventDate "2020.08.15"]
[EventType "swiss"]
[EventCountry "POL"]
[SourceTitle "playchess.com"]
[Source "ChessBase"]
[SourceQuality "1"]
[TimeControl "40/5400+30:1800+30"]

1. d4 e6 2. e4 d5 3. e5 c5 4. c3 Nc6 5. f4 Nh6 6. Nf3 Qb6 7. Bd3 Bd7 8. f5 Nxf5 9. Bxf5 exf5 10. O-O Be6 11. Rf2 Be7 12. Be3 Qd8 13. dxc5 g5 14. b4 g4 15. Nd4 Rg8 16. Nxf5 g3 17. hxg3 Nxe5 18. Nxe7 Qxe7 19. Bf4 Ng4 20. Re2 O-O-O 21. Qd4 Qf6 22. Nd2 Qxd4+ 23. cxd4 Rg6 24. a4 Nf6 25. Ra3 Rdg8 26. Be5 Nh5 27. Nf1 Rg4 28. b5 Kd7 29. Rf3 Rc8 30. a5 Re4 31. Rxe4 dxe4 32. Rf2 Rg8 33. Ne3 f6 34. Bd6 Rg5 35. d5 Bxd5 36. Rd2 Ke6 37. Bf4 Nxf4 38. gxf4 Rg3 39. f5+ Ke5 40. Rxd5+ Kf4 41. Nd1 Rb3 42. c6 bxc6 43. bxc6 Rb1 44. Kf2 e3+ 45. Ke2 Rc1 46. Nxe3 Rxc6 47. Rd4+ Ke5 48. Kd3 Rc5 49. g4 1-0

[Event "56th Rubinstein Memorial A 2020"]
[Site "Polanica Zdroj"]
[Date "2020.08.20"]
[Round "6.15"]
[White "Turski, Bartlomiej"]
[Black "Wisniewski, Michal"]
[Result "1/2-1/2"]
[ECO "A11"]
[WhiteElo "1985"]
[BlackElo "2127"]
[Annotator "ChessBase"]
[PlyCount "53"]
[EventDate "2020.08.15"]
[EventType "swiss"]
[EventCountry "POL"]
[SourceTitle "playchess.com"]
[Source "ChessBase"]
[SourceQuality "1"]
[TimeControl "40/5400+30:1800+30"]

1. e4 a6 2. d4 g6 3. Be3 Bg7 4. Qd2 d6 5. f3 b5 6. a4 bxa4 7. Rxa4 Nf6 8. Bd3 O-O 9. Ne2 Nbd7 10. O-O c5 11. c3 Qc7 12. b4 c4 13. Bc2 a5 14. Na3 Bb7 15. bxa5 d5 16. Bf4 e5 17. dxe5 Nh5 18. exd5 Nxf4 19. Qxf4 Bxe5 20. Qxc4 Bxh2+ 21. Kh1 Qe5 22. Qh4 Qxe2 23. Re1 Qd2 24. Kxh2 Nc5 25. Rc4 Rxa5 26. Rd1 Qe2 27. Re1 1/2-1/2

[Event "56th Rubinstein Memorial A 2020"]
[Site "Polanica Zdroj"]
[Date "2020.08.20"]
[Round "6.16"]
[White "Polak, Michal"]
[Black "Poltorak, Sebastian"]
[Result "0-1"]
[ECO "B33"]
[WhiteElo "1878"]
[BlackElo "1974"]
[Annotator "NA"]
[PlyCount "108"]
[EventDate "2020.08.15"]
[EventType "swiss"]
[EventCountry "POL"]
[SourceTitle "playchess.com"]
[Source "ChessBase"]
[SourceQuality "1"]
[TimeControl "40/5400+30:1800+30"]

1. e4 c5 2. Nf3 Nc6 3. d4 cxd4 4. Nxd4 Nf6 5. Nc3 e5 6. Ndb5 d6 7. Bg5 a6 8. Na3 b5 9. Bxf6 gxf6 10. Nd5 f5 11. c3 Bg7 12. exf5 Bxf5 13. Nc2 O-O 14. Nce3 Be6 15. Bd3 f5 16. O-O e4 17. Nf4 Bf7 18. Bc2 Qg5 $1 $11 19. Nh3 (19. Qxd6 Ne5) 19... Qg6 20. Nf4 (20. f3 $16) 20... Qh6 21. g3 Ne7 22. f3 Bh5 23. Nxh5 Qxe3+ 24. Kg2 d5 25. Nxg7 Kxg7 26. Qc1 Qxc1 27. Raxc1 Rac8 28. fxe4 fxe4 29. Rxf8 Rxf8 30. Re1 Rc8 31. Bb3 Kf6 32. Rf1+ Ke5 33. Rf7 Nf5 34. Rd7 Rc5 35. Rxh7 b4 36. Rh5 bxc3 37. bxc3 Kf6 38. Kf2 Rxc3 39. Bxd5 e3+ 40. Kf1 Rc1+ 41. Ke2 Rc2+ 42. Kf1 Nd4 43. Rh6+ Ke5 44. Rh5+ Kd6 45. Bb3 Rc1+ 46. Kg2 e2 47. Rh6+ Kc5 48. Rh5+ Kb4 49. Re5 e1=Q 50. Rxe1 Rxe1 51. h4 Nxb3 52. axb3 Kxb3 53. h5 a5 54. g4 a4 0-1

[Event "56th Rubinstein Memorial A 2020"]
[Site "Polanica Zdroj"]
[Date "2020.08.20"]
[Round "6.17"]
[White "Luberanski, Jakub"]
[Black "Kowalczyk, Wojciech"]
[Result "1-0"]
[ECO "E97"]
[WhiteElo "2146"]
[BlackElo "1873"]
[Annotator "ChessBase"]
[PlyCount "81"]
[EventDate "2020.08.15"]
[EventType "swiss"]
[EventCountry "POL"]
[SourceTitle "playchess.com"]
[Source "ChessBase"]
[SourceQuality "1"]
[TimeControl "40/5400+30:1800+30"]

1. d4 Nf6 2. c4 g6 3. Nc3 Bg7 4. e4 d6 5. Nf3 O-O 6. Be2 e5 7. O-O Nc6 8. d5 Ne7 9. Nd2 Nd7 10. b4 a5 11. bxa5 Rxa5 12. Nb3 Ra8 13. Be3 f5 14. f3 f4 15. Bf2 b6 16. a4 Nc5 17. a5 Nxb3 18. Qxb3 bxa5 19. c5 g5 20. Rfb1 Rf6 21. cxd6 cxd6 22. Qb6 Qe8 23. Rxa5 Rxa5 24. Qxa5 h5 25. Rb8 g4 26. Bh4 g3 27. h3 Rf8 28. Ba6 Bf6 29. Bxf6 Rxf6 30. Qc7 Rf8 31. Nb5 Qd7 32. Qxd7 Bxd7 33. Rxf8+ Kxf8 34. Nxd6 Ba4 35. Kf1 Ng6 36. Bc8 Nh4 37. Kg1 Bc2 38. Nb7 Ke8 39. d6 Ba4 40. Nc5 Kd8 41. d7 1-0

[Event "56th Rubinstein Memorial A 2020"]
[Site "Polanica Zdroj"]
[Date "2020.08.20"]
[Round "6.18"]
[White "Vanduyfhuys, Daria"]
[Black "Kazmierowski, Tymon"]
[Result "1-0"]
[ECO "E17"]
[WhiteElo "1985"]
[BlackElo "1844"]
[Annotator "NA"]
[PlyCount "53"]
[EventDate "2020.08.15"]
[EventType "swiss"]
[EventCountry "POL"]
[SourceTitle "playchess.com"]
[Source "ChessBase"]
[SourceQuality "1"]
[TimeControl "40/5400+30:1800+30"]

1. d4 Nf6 2. c4 e6 3. Nf3 b6 4. Nc3 Bb7 5. g3 Be7 6. Bg2 Ne4 7. Qd3 f5 8. O-O Nxc3 9. Qxc3 O-O 10. b3 Bf6 11. Bb2 c5 {[%emt 0:03:24] E19: Queen's Indian: Old Main Line with 7...Ne4 8 Qc2 Nxc3 8 Qxc3.} 12. Qd2 Nc6 13. dxc5 Bxb2 14. Qxb2 bxc5 15. Rfd1 {[%emt 0:03:43] [#]} Qc7 $146 ({Predecessor:} 15... d6 16. Qd2 e5 17. Qxd6 Qxd6 18. Rxd6 e4 19. Ng5 Rad8 20. Rxd8 Rxd8 21. Ne6 Rd2 22. Nxc5 {1-0 (82) Podgorny,J-Gawlikowski,S Karlovy Vary 1948}) 16. Rd2 Rad8 17. Rad1 Ba8 18. Qc3 e5 19. Ne1 e4 20. Nc2 Ne5 21. Ne3 g6 22. Nd5 Bxd5 23. Rxd5 Rfe8 $14 24. Qd2 Re7 25. Rd6 Nc6 26. Qd5+ Kh8 27. Rxc6 1-0

[Event "56th Rubinstein Memorial A 2020"]
[Site "Polanica Zdroj"]
[Date "2020.08.20"]
[Round "6.19"]
[White "Czarniecka, Aleksandra"]
[Black "Siekanska, Maria"]
[Result "1-0"]
[ECO "B81"]
[WhiteElo "2043"]
[BlackElo "1928"]
[Annotator "ChessBase"]
[PlyCount "97"]
[EventDate "2020.08.15"]
[EventType "swiss"]
[EventCountry "POL"]
[SourceTitle "playchess.com"]
[Source "ChessBase"]
[SourceQuality "1"]
[TimeControl "40/5400+30:1800+30"]

1. e4 c5 2. Nf3 e6 3. d4 cxd4 4. Nxd4 Nf6 5. Nc3 d6 6. g4 Nc6 7. g5 Nd7 8. Be3 Be7 9. h4 O-O 10. Qd2 Nde5 11. Be2 Nxd4 12. Bxd4 Nc6 13. Be3 Qa5 14. h5 Rd8 15. Nb5 Qxd2+ 16. Bxd2 a6 17. Nc3 d5 18. O-O-O d4 19. Na4 b5 20. Nb6 Rb8 21. Nxc8 Rbxc8 22. f4 b4 23. Bxa6 Rc7 24. Kb1 Ra8 25. Bb5 Na7 26. Bd3 Nc8 27. e5 Nb6 28. Be4 Ra6 29. Bd3 Ra8 30. Be4 Ra6 31. Be1 Bc5 32. c3 bxc3 33. bxc3 Na4 34. Bc2 dxc3 35. Bxa4 Rxa4 36. Bxc3 Bf8 37. Bb2 Be7 38. Rc1 Rac4 39. Rxc4 Rxc4 40. Rc1 Rxc1+ 41. Bxc1 f6 42. Kc2 Kf7 43. Kb3 Bd8 44. Kc4 fxe5 45. fxe5 Ke7 46. Ba3+ Kf7 47. Bc1 Ke7 48. g6 hxg6 49. Bg5+ 1-0

[Event "56th Rubinstein Memorial A 2020"]
[Site "Polanica Zdroj"]
[Date "2020.08.20"]
[Round "6.20"]
[White "Starosciak, Szymon"]
[Black "Jachym, Adam"]
[Result "1/2-1/2"]
[ECO "C90"]
[WhiteElo "1850"]
[BlackElo "2042"]
[Annotator "NA"]
[PlyCount "95"]
[EventDate "2020.08.15"]
[EventType "swiss"]
[EventCountry "POL"]
[SourceTitle "playchess.com"]
[Source "ChessBase"]
[SourceQuality "1"]
[TimeControl "40/5400+30:1800+30"]

1. e4 e5 2. Nf3 Nc6 3. Bb5 Nf6 4. d3 d6 5. c3 Be7 6. O-O O-O 7. Re1 a6 8. Ba4 b5 9. Bb3 Na5 10. Bc2 c5 11. a4 b4 {[%emt 0:02:11] was the old line (11...Rb8).} 12. Nbd2 Rb8 13. Nf1 {[%emt 0:07:04] C88: Closed Ruy Lopez: Anti-Marshall Systems.} Re8 14. Ng3 Bf8 15. d4 {[%emt 0:06:24] [#]} Qc7 $146 ({Predecessor:} 15... b3 16. Bd3 h6 17. h3 Qc7 18. Be3 exd4 19. cxd4 c4 20. Bb1 c3 21. bxc3 Qxc3 {0-1 (32) Gallego Alcaraz,A (2512)-Quesada Perez,Y (2565) chess24.com INT 2020}) 16. Bg5 Nd7 17. dxe5 Nxe5 18. Nxe5 dxe5 19. Nf5 f6 20. Bc1 Be6 21. Ne3 Red8 22. Qe2 bxc3 23. bxc3 c4 24. Rd1 Rxd1+ 25. Qxd1 Nb3 26. Rb1 (26. Ra2 $15) 26... Nxc1 27. Rxb8 Qxb8 28. Qxc1 Bc5 29. Nd5 a5 30. Qb1 Qxb1+ 31. Bxb1 Bd7 32. Bc2 Kf7 33. Ne3 Bxe3 34. fxe3 Bc6 35. Kf2 h5 36. h4 Ke6 37. g3 Be8 38. Kg2 g6 39. Kf3 g5 40. Kf2 Bc6 41. Ke2 Be8 42. Kf2 Bg6 43. Kf3 Kd6 44. Kf2 Ke6 ({Black should play} 44... Be8 $17) 45. Kf3 $1 g4+ 46. Kf2 f5 $11 (46... Kd7 $17) 47. exf5+ Bxf5 48. e4 1/2-1/2

[Event "56th Rubinstein Memorial A 2020"]
[Site "Polanica Zdroj"]
[Date "2020.08.21"]
[Round "7.2"]
[White "Mirowska, Oliwia"]
[Black "Kazmierowski, Tymon"]
[Result "0-1"]
[ECO "A00"]
[WhiteElo "1898"]
[BlackElo "1844"]
[Annotator "NA RC"]
[PlyCount "64"]
[EventDate "2020.08.15"]
[EventType "swiss"]
[EventCountry "POL"]
[SourceTitle "playchess.com"]
[Source "ChessBase"]
[SourceQuality "1"]
[TimeControl "40/5400+30:1800+30"]

1. a3 Nf6 2. d3 d5 3. g3 g6 4. Bg2 Bg7 5. e3 c5 6. Ne2 {[%emt 0:00:13] [#] A00: Irregular Openings.} Nc6 $146 ({Predecessor:} 6... O-O 7. Nd2 Nc6 8. h3 b6 9. e4 Bb7 10. exd5 Nxd5 11. Ne4 Rb8 12. h4 h6 {0-1 (27) Rotter,H (1922)-Surtmann,L (1837) Hoersching 2017}) 7. b3 O-O 8. Bb2 Qc7 9. O-O Rd8 10. Nd2 e5 11. Rb1 Be6 12. e4 dxe4 13. Nxe4 Nxe4 14. Bxe4 f5 15. Bg2 {[%emt 0:00:41] [#]} Qf7 (15... c4 $1 $15 ) 16. Qc1 (16. Bxc6 $1 $11 bxc6 17. Qc1) 16... Bd5 17. f4 Bxg2 18. Kxg2 Qd5+ 19. Kg1 e4 20. Rd1 (20. dxe4 $15 Qxe4 21. Bxg7 Kxg7 22. Rf2) 20... Nd4 21. Nxd4 cxd4 22. dxe4 fxe4 23. Qd2 Rac8 24. Qf2 h5 25. Ba1 h4 26. Rbc1 h3 27. Qf1 Qf5 28. Qe2 e3 29. Rd3 Qe4 30. Rcd1 {[%emt 0:01:11] [#]} Rxc2 $19 31. Qxc2 e2 32. Kf2 e1=Q+ 0-1

[Event "56th Rubinstein Memorial A 2020"]
[Site "Polanica Zdroj"]
[Date "2020.08.21"]
[Round "7.4"]
[White "Hetzer, Volkhard"]
[Black "Wojcik, Wieslaw"]
[Result "1-0"]
[ECO "A04"]
[WhiteElo "1911"]
[BlackElo "1863"]
[Annotator "RC"]
[PlyCount "66"]
[EventDate "2020.08.15"]
[EventType "swiss"]
[EventCountry "POL"]
[SourceTitle "playchess.com"]
[Source "ChessBase"]
[SourceQuality "1"]
[TimeControl "40/5400+30:1800+30"]

1. Nf3 d6 2. e4 c5 3. c3 Nf6 4. h3 Nc6 5. Bd3 e5 6. Bc2 Be7 7. d3 O-O 8. O-O d5 9. Nbd2 dxe4 10. dxe4 Qc7 11. Qe2 h6 12. Re1 Be6 13. Nf1 Rfd8 14. Ng3 Rab8 15. Nf5 Bf8 16. N3h4 Ne7 17. Qf3 Nxf5 18. exf5 Bd5 19. Qg3 Kh8 20. Nf3 Bxf3 21. Qxf3 Bd6 22. g4 Re8 23. h4 e4 24. Qg2 Bf4 25. g5 Nh7 26. Qg4 Bxc1 27. Raxc1 hxg5 28. hxg5 Qe7 29. f4 g6 30. f6 Qe6 31. Qh4 e3 32. Re2 Rbd8 33. Rh2 Ra8 1-0

[Event "56th Rubinstein Memorial A 2020"]
[Site "Polanica Zdroj"]
[Date "2020.08.21"]
[Round "7.6"]
[White "Antoniewicz, Jakub"]
[Black "Bojczewski, Mateusz"]
[Result "0-1"]
[ECO "A45"]
[WhiteElo "1806"]
[BlackElo "1886"]
[Annotator "NA RC"]
[PlyCount "106"]
[EventDate "2020.08.15"]
[EventType "swiss"]
[EventCountry "POL"]
[SourceTitle "playchess.com"]
[Source "ChessBase"]
[SourceQuality "1"]
[TimeControl "40/5400+30:1800+30"]

1. d4 Nf6 2. Nc3 d5 3. Bf4 e6 4. e3 a6 5. g4 h6 6. h4 {[%emt 0:04:12] D00: 1 d4 d5: Unusual lines.} c5 7. Qf3 Nc6 {[%emt 0:03:42] [#]} 8. g5 $2 $146 (8. Nge2 $14 {stays ahead.}) ({Predecessor:} 8. O-O-O Qa5 9. Kb1 Nd7 10. g5 cxd4 11. exd4 hxg5 12. hxg5 Rxh1 13. Qxh1 g6 14. Nf3 {0-1 (49) Alekseenko,K (2563)-Sjugirov,S (2650) Sochi 2017}) 8... cxd4 9. gxf6 (9. exd4 $17 Nxd4 10. Qd3 hxg5 11. Bxg5) 9... dxc3 10. fxg7 Bxg7 11. b3 Qf6 (11... e5 $19 12. Bh2 Nb4) 12. Bg2 $2 (12. Bc7 $17) 12... Nb4 13. Qe2 Qg6 14. Kf1 Qxc2 15. Nf3 Bd7 16. Qxc2 Nxc2 17. Rc1 Bb5+ 18. Kg1 Nb4 19. a4 Nd3 20. Kh2 Nxc1 21. Rxc1 Be2 22. Nd4 Bxd4 23. exd4 Kd7 24. Rxc3 Rac8 25. Re3 Bg4 26. Bf1 Rc2 27. Bd3 Rb2 28. Bg3 Rc8 29. Kg2 Ke7 30. Bh7 h5 31. Bf4 f5 32. Kg3 Kf7 33. f3 Rcc2 34. Be5 Rg2+ 35. Kf4 {[%emt 0:00:08] [#]} Bh3 (35... Bxf3 $142 $1 36. Bh8 (36. Rxf3 Rg4+) 36... Bd1) 36. Rc3 Rbc2 37. Rxc2 Rxc2 38. Kg5 Rc3 39. Kxh5 Rxf3 40. Kg5 Bg4 41. Bg6+ Ke7 42. h5 Bxh5 43. Bxh5 Rxb3 44. a5 b6 45. axb6 Rxb6 46. Kf4 Rb4 47. Ke3 (47. Bc7 $142 Rxd4+ 48. Kg5) 47... a5 48. Kd3 a4 49. Kc3 a3 50. Kxb4 a2 51. Kc3 $19 a1=Q+ 52. Kd3 Qb1+ 53. Kd2 Qe4 0-1